 Dungeon Crawl Stone Soup version 0.31.0-12-g77e489cdc1 (webtiles) character file.

Game seed: 16517648102486063250

102942 hawla the Tortoise (level 15, -1/115 HPs)
             Began as a Minotaur Fighter on Feb 16, 2024.
             Was the Champion of Yredelemnul.
             Constricted to death by a naga ritualist (4 damage)
             ... on level 2 of the Snake Pit on Feb 17, 2024.
             The game lasted 01:27:32 (18748 turns).

hawla the Tortoise (Minotaur Fighter)              Turns: 18748, Time: 01:27:34

Health: -1/115     AC: 24    Str: 28    XL:     15   Next: 87%
Magic:  21/21      EV: 13    Int:  2    God:    Yredelemnul [******]
Gold:   215        SH:  9    Dex: 17    Spells: 14/14 levels left

rFire   + + .        E - +4 war axe (spect)
rCold   + . .        B - +3 buckler {AC+3}
rNeg    . . .        Y - +0 plate armour "Syim" {Will+ Regen+ Int-3 Dex+7}
rPois   +            (helmet unavailable)
rElec   .            V - scarf {rC+ rF+}
rCorr   .            C - +2 pair of gloves
SInv    +            (no boots)
Will    ++...        n - amulet of faith
Stlth   +            J - +5 ring of evasion
HPRegen 1.19/turn    U - ring of protection from fire
MPRegen 0.17/turn

%: faith
@: lethally poisoned (-1 -> -2), about to teleport, constricted, studying
Shapeshifting
A: horns 3, retaliatory headbutt, talons 1, see invisible, poison resistance
a: Renounce Religion, Recall Undead Harvest, Dark Bargain, Drain Life, Bind Soul


You were on level 2 of the Snake Pit.
You worshipped Yredelemnul.
Yredelemnul was aware of your devotion.
You visited 4 branches of the dungeon, and saw 20 of its levels.
You also visited: Sewer and Gauntlet.

You collected 1847 gold pieces.
You spent 1632 gold pieces at shops.

Inventory:

Hand Weapons
 o - a +0 lajatang
 E - a +4 spectral war axe (weapon)
 T - the +3 whip of Resourcefulness {speed, rPois rC- rCorr Str+6}
   (You found it on level 1 of the Lair of Beasts)

   Str+6:     It affects your strength (+6).
   rC-:       It makes you vulnerable to cold.
   rPois:     It protects you from poison rCorr: It protects you from acid and
   corrosion.
Missiles
 f - 42 poisoned darts
 x - 2 throwing nets
 L - 4 curare-tipped darts (quivered)
Armour
 B - a +3 buckler of protection (worn)
 C - a +2 pair of gloves (worn)
 O - the +3 plate armour of Curiosity {rElec rC- Will- Str+4}
   (You found it on level 1 of the Snake Pit)

   Str+4:     It affects your strength (+4).
   rC-:       It makes you vulnerable to cold.
   rElec:     It insulates you from electricity.
   Will-:     It decreases your willpower.
 V - a scarf of resistance (worn)
 Y - the +0 plate armour "Syim" (worn) {Will+ Regen+ Int-3 Dex+7}
   (You took it off a minotaur in a Gauntlet)

   Int-3:     It affects your intelligence (-3).
   Dex+7:     It affects your dexterity (+7).
   Will+:     It increases your willpower.
   Regen+:    It increases your rate of health regeneration.
Magical Staves
 W - the staff "Renuhuda" {rPois Dex+5 Alchemy}
   (You found it in a Gauntlet)

   [staff of alchemy]

   Base accuracy: +5 Base damage: 5 Base attack delay: 1.2 This weapon's minimum
   attack delay (0.6) is reached at skill level 12.
   Dex+5:     It affects your dexterity (+5).
   rPois:     It protects you from poison Alchemy: It increases the power of
   your Alchemy spells.
   It falls into the 'Staves' category.
   It is a one-handed weapon.
Jewellery
 e - a +5 ring of evasion
 n - an amulet of faith (around neck)
 u - an amulet of regeneration
 w - a +4 ring of protection
 F - the amulet "Zesedgh" {Reflect rPois rCorr SH+5}
   (You bought it in a shop on level 1 of the Snake Pit)

   [amulet of reflection]

   Reflect:   It reflects blocked missile attacks.
   rPois:     It protects you from poison rCorr: It protects you from acid and
   corrosion.
   SH+5:      It affects your SH (+5).
 I - an amulet of the acrobat
 J - a +5 ring of evasion (left hand)
 K - a ring of protection from cold
 M - a ring of resist corrosion
 S - the amulet "Ocvi" {Reflect Regen+ SH+5}
   (You bought it in a shop on level 1 of the Snake Pit)

   [amulet of reflection]

   Reflect:   It reflects blocked missile attacks.
   Regen+:    It increases your rate of health regeneration.
   SH+5:      It affects your SH (+5).
 U - a ring of protection from fire (right hand)
 Z - a ring of protection from fire
Wands
 b - a wand of flame (82)
 c - a wand of iceblast (19)
 v - a wand of charming (19)
 D - a wand of mindburst (12)
Scrolls
 g - 6 scrolls of teleportation
 h - 5 scrolls of vulnerability
 j - 2 scrolls of poison
 m - 2 scrolls of torment
 r - 8 scrolls of blinking
 s - 2 scrolls of fog
 t - 3 scrolls of revelation
 P - 2 scrolls of fear
Potions
 a - 3 potions of brilliance
 d - 4 potions of might
 i - a potion of cancellation
 k - 2 potions of resistance
 p - 2 potions of curing
 q - 3 potions of attraction
 z - 6 potions of lignification
 A - 2 potions of invisibility
 G - 2 potions of heal wounds
 N - a potion of haste
 Q - 6 potions of enlightenment
 R - 2 potions of ambrosia {unknown}
Miscellaneous
 y - a phial of floods
 X - a box of beasts


   Skills:
 - Level 6.1 Fighting
 - Level 17.0(17.4) Axes
 - Level 6.0(14.5) Maces & Flails
 + Level 11.7(12.3) Staves
 - Level 6.1 Throwing
 - Level 18.0 Armour
 - Level 6.6 Dodging
 - Level 11.9 Stealth
 - Level 6.1 Shields
 - Level 10.0 Invocations
 - Level 3.0 Evocations


You had 14 spell levels left.
You didn't know any spells.
Your spell library was empty.

Dungeon Overview and Level Annotations

Branches:
Dungeon (12/15)            Temple (1/1) D:4            Lair (5/5) D:9
 Shoals (0/4) Lair:3        Snake (2/4) Lair:2        Slime (0/5) Lair:5
    Orc (0/2) D:11          Sewer (visited)         Gauntlet (visited)

Altars:
Ashenzari
Cheibriados
Dithmenos
Elyvilon
Fedhas
Gozag
Hepliaklqana
Kikubaaqudgha
Makhleb
Nemelex Xobeh
Okawaru
Qazlal
Ru
Sif Muna
Trog
Uskayaw
Vehumet
Wu Jian
Xom
Yredelemnul
Zin
The Shining One
Jiyva

Shops:
D:9 *   D:11 (   Snake:1 *==

Annotations:
D:8 2 transporters, Iceviz's ghost, novice OpMo


Innate Abilities, Weirdness & Mutations

You have a pair of large horns on your head.
You reflexively headbutt those who attack you in melee.
You have sharp toenails.
You have supernaturally acute eyesight. (SInv)
Your system is resistant to poisons. (rPois)


Message History

* * * LOW HITPOINT WARNING * * *
Unknown command.
You feel better.
Your +4 spectral war axe disappears.
You are poisoned.
The naga ritualist closely misses you. The naga ritualist constricts you.
* * * LOW HITPOINT WARNING * * *
Your naga warrior zombie hits the naga warrior.
The naga hits you with a +0 trident.
* * * LOW HITPOINT WARNING * * *
The naga warrior struggles to escape constriction.
The naga warrior constricts your naga warrior zombie.
Your naga sharpshooter zombie hits the naga warrior.
Your naga sharpshooter zombie constricts the naga warrior.
As you read the scroll of fear, it crumbles to dust.
You assume a fearsome visage.
The naga ritualist looks frightened!
The naga looks frightened!
The naga warrior looks frightened!
You feel sick.
* * * LOW HITPOINT WARNING * * *
You are more poisoned.
The naga ritualist hits your naga warrior zombie with a +0 mace.
The naga ritualist constricts you.
Your naga zombie barely misses the naga ritualist.
Your naga zombie grabs the naga ritualist.
Your naga zombie constricts the naga ritualist.
Your naga warrior zombie hits the naga ritualist.
Your naga warrior zombie hits the naga warrior but does no damage.
Your naga sharpshooter zombie hits the naga warrior but does no damage.
Your naga sharpshooter zombie's attack snaps the naga warrior out of its fear.
Your naga sharpshooter zombie constricts the naga warrior.
The naga warrior struggles to escape constriction.
The naga warrior constricts your naga warrior zombie.
As you read the scroll of teleportation, it crumbles to dust.
You feel strangely unstable.
You feel sick.
* * * LOW HITPOINT WARNING * * *
You are more poisoned.
The naga ritualist's toxic aura wanes.
The naga ritualist struggles to escape constriction.
The naga ritualist constricts you.
You die...
Your body rises from the dead as a mindless zombie. ##..ZZ#Z...Z##..######..Z.ZZ.. ###.Z.############# ##..ZZZZZ

.#....#### #.....##
....Z....### # ##......
......#....#### #.#
#......
.......###....######....
#.#...#
.........##.Z..)..N.....
#######
..........ZZZZ.##.....#
...............Z@N#
.(.........ZZ...Z.Z.#
...........ZZ..#Z....#
......N.####....#
......... ..### ..
.....#### .## ##.. ....
## ...# #.. #### #
#..##...


You could see a naga warrior (ally target), a naga ritualist (strong, fleeing,
ally target), a naga (strong, fleeing, ally target), 3 friendly naga zombies, 3
friendly naga warrior zombies, a friendly naga mage zombie, a friendly nagaraja
zombie, a friendly salamander zombie, a friendly mana viper zombie, a friendly
naga ritualist zombie and 2 friendly naga sharpshooter zombies.

Vanquished Creatures
  Kirke (Lair:5)
  A dire elephant (Lair:5)
  A minotaur (Gauntlet)
  A fire dragon (Lair:5)
  Josephine (D:11)
  5 hydras
  3 two-headed ogres (D:10)
  A centaur warrior (D:12)
  2 anacondas (Snake:1)
  A boulder beetle (D:11)
  4 death yaks
  5 naga warriors
  A shock serpent (Snake:1)
  2 skysharks
  3 sixfirhies (Gauntlet)
  3 salamander mystics
  4 naga ritualists
  Pikel (D:4)
  4 mana vipers
  2 lindwurms (Lair:5)
  An orc knight (D:11)
  11 salamanders
  3 ugly things
  A manticore (Lair:2)
  16 elephants
  A guardian serpent (Snake:1)
  16 black mambas
  4 torpor snails (Lair:5)
  3 naga magi
  A moth of wrath (Gauntlet)
  4 gargoyles
  4 cane toads
  6 komodo dragons
  4 kobold demonologists
  5 rime drakes
  2 tyrant leeches (Lair:5)
  A queen bee (Lair:2)
  A troll (D:10)
  4 hornets (Lair:5)
  14 dream sheep (Lair:5)
  11 blink frogs
  Sigmund (D:6)
  6 slime creatures (D:12)
  A shadow (D:10)
  9 wyverns
  2 vampires
  43 yaks
  4 wraiths
  2 vampire mosquitoes (D:12)
  A steam dragon (D:8)
  3 hogs (Lair:5)
  4 basilisks
  12 nagas
  3 acid dragons
  10 water moccasins
  5 orc warriors
  2 black bears (D:4)
  An ice beast (D:6)
  An ogre (D:4)
  19 wolves
  13 centaurs
  2 kobold brigands (D:10)
  2 phantoms (D:5)
  14 bullfrogs
  2 gnoll sergeants
  3 necrophages (D:4)
  A scorpion (D:7)
  12 wights
  31 killer bees
  7 howler monkeys
  3 hounds
  A human zombie (D:4)
  An orc priest (D:10)
  2 bombardier beetles
  2 iguanas
  3 orc wizards
  A scorpion zombie (D:4)
  5 mummies (D:4)
  6 gnolls
  15 adders
  A shadow imp (D:5)
  A white imp (D:5)
  An adder zombie (D:4)
  8 dart slugs
  2 ribbon worms (D:2)
  12 orcs
  11 endoplasms
  17 giant cockroaches
  5 goblins
  4 hobgoblins
  7 jackals
  15 kobolds
  3 quokkas
  22 ball pythons
  7 bats
  7 frilled lizards
  A rat (D:1)
538 creatures vanquished.

Vanquished Creatures (collateral kills)
  A nagaraja (Snake:2)
  A hydra (Lair:5)
  2 catoblepae (Lair:5)
  2 naga warriors
  3 death yaks
  3 naga sharpshooters
  A shock serpent (Snake:2)
  A skyshark (Lair:3)
  A necromancer (Gauntlet)
  2 manticores (Lair:5)
  An ugly thing (D:12)
  An elephant (Lair:5)
  6 salamanders (Snake:1)
  Joseph (D:10)
  6 black mambas
  A torpor snail (Lair:5)
  2 cane toads (Lair:5)
  2 hornets (Lair:5)
  2 polar bears (Lair:2)
  11 blink frogs
  A tyrant leech (Lair:5)
  4 dream sheep (Lair:5)
  3 wraiths
  9 yaks
  A basilisk (Lair:5)
  A wyvern (D:9)
  A vampire mosquito (D:12)
  8 nagas
  An acid dragon (D:10)
  4 water moccasins
  3 wolves
  A centaur (D:12)
  2 bullfrogs
  A kobold brigand (D:10)
  2 wights (D:9)
  3 killer bees (Lair:2)
  3 howler monkeys
  2 lava snakes (Snake:1)
  An orc priest (D:10)
  An orc wizard (D:10)
  A kobold (D:10)
  A butterfly (Lair:3)
104 creatures vanquished.

Vanquished Creatures (others)
  An anaconda zombie (Snake:1)
  2 mana viper zombies (Snake:2)
  A blink frog (Lair:5)
  5 black mamba zombies
  A human (Lair:5)
  A cane toad zombie (Lair:2)
  4 dream sheep zombies (Lair:5)
  A hornet zombie (Lair:5)
  3 blink frog zombies
  A hog zombie (Lair:5)
  2 rime drake zombies (Lair:2)
  A komodo dragon zombie (Lair:2)
  3 salamander zombies
  3 wyvern zombies
  5 water moccasin zombies
  A polar bear zombie (Lair:2)
  8 yak zombies
  2 naga zombies (Snake:1)
  8 wolf zombies
  3 bullfrog zombies
  3 centaur zombies
  2 basilisk zombies (Lair:2)
  9 killer bee zombies
  2 acid dragon zombies
  A hound zombie (D:6)
  4 howler monkey zombies
  2 human zombies
  An adder zombie (D:5)
  A bombardier beetle zombie (D:7)
  5 gnoll zombies
  2 kobold zombies
  3 orc zombies
  3 spectral weapons
94 creatures vanquished.

Grand Total: 736 creatures vanquished

Notes
Turn   | Place    | Note
-------+----------+-------------------------------------------
     0 | D:1      | hawla the Minotaur Fighter began the quest for the Orb.
     0 | D:1      | Reached XP level 1. HP: 19/19 MP: 0/0
    80 | D:1      | Reached XP level 2. HP: 27/27 MP: 1/1
   874 | D:2      | Reached skill level 5 in Shields
   874 | D:2      | Reached XP level 3. HP: 33/33 MP: 2/2
  1001 | D:2      | Found a bloodstained altar of Trog.
  1052 | D:2      | Reached skill level 1 in Dodging
  1090 | D:2      | Reached skill level 1 in Throwing
  1245 | D:2      | Identified the +3 dagger "Xoeduimn" {antimagic, rN+++ Int+4
                  | Dex+3 Stlth-}
  1482 | D:3      | Reached XP level 4. HP: 39/40 MP: 3/3
  1912 | D:4      | Noticed a black bear
  1921 | D:4      | Killed a black bear
  1922 | D:4      | Reached XP level 5. HP: 24/46 MP: 4/4
  2067 | D:4      | Noticed a black bear
  2076 | D:4      | Killed a black bear
  2077 | D:4      | Reached XP level 6. HP: 18/52 MP: 5/5
  2081 | D:4      | Found a glowing drain.
  2100 | Sewer    | Entered a sewer
  2527 | Sewer    | Reached skill level 5 in Dodging
  2527 | Sewer    | Reached XP level 7. HP: 20/59 MP: 6/6
  2962 | D:4      | Found a staircase to the Ecumenical Temple.
  2968 | Temple   | Entered the Ecumenical Temple
  3096 | D:4      | Reached skill level 5 in Throwing
  3356 | D:4      | Noticed Pikel
  3364 | D:4      | Killed Pikel
  3365 | D:4      | Reached XP level 8. HP: 52/66 MP: 7/7
  3484 | D:4      | Reached skill level 5 in Stealth
  3606 | D:4      | Found a basalt altar of Yredelemnul.
  3615 | D:4      | Reached skill level 4 in Armour
  3619 | D:4      | Became a worshipper of Yredelemnul the Dark
  3672 | D:4      | Reached skill level 5 in Armour
  3812 | D:5      | Entered Level 5 of the Dungeon
  3812 | D:5      | Found a bloodstained altar of Trog.
  4027 | D:5      | Reached skill level 6 in Armour
  4079 | D:5      | Reached * piety under Yredelemnul
  4103 | D:5      | Found a shimmering blue altar of Sif Muna.
  4210 | D:5      | Reached skill level 7 in Armour
  4528 | D:5      | Identified the +3 scale mail "Wuodasop" {Dex+2}
  4706 | D:6      | Noticed Sigmund
  4724 | D:6      | Killed Sigmund
  4725 | D:6      | Reached skill level 8 in Armour
  4831 | D:6      | Reached XP level 9. HP: 71/71 MP: 8/8
  4947 | D:6      | Your ally Sigmund died
  4950 | D:6      | Reached skill level 9 in Armour
  5486 | D:7      | Reached skill level 10 in Armour
  5488 | D:7      | HP: 1/71 [gnoll/+0 halberd[a gnoll sergeant] (5)]
  5501 | D:7      | Reached skill level 1 in Evocations
  5763 | D:7      | Found a shimmering altar of Xom.
  6020 | D:7      | Reached skill level 1 in Invocations
  6067 | D:7      | Found a glowing golden altar of the Shining One.
  6285 | D:8      | Noticed Iceviz's ghost (novice OpMo)
  6291 | D:8      | Noticed a catoblepas
  6296 | D:8      | Found a transporter.
  6299 | D:8      | Noticed a moth of wrath
  6312 | D:8      | Found a transporter.
  6637 | D:8      | Found a white marble altar of Elyvilon.
  6787 | D:8      | Reached skill level 5 in Invocations
  6882 | D:8      | Found a glowing silver altar of Zin.
  7115 | D:8      | Found a sparkling altar of Nemelex Xobeh.
  7256 | D:9      | Found Karus's Assorted Antiques.
  7269 | D:9      | Bought a fizzy pink potion for 28 gold pieces
  7269 | D:9      | Bought a bubbling yellow potion for 28 gold pieces
  7269 | D:9      | Bought a glowing short sword for 192 gold pieces
  7269 | D:9      | Bought a wand of flame (11) for 246 gold pieces
  7284 | D:9      | Reached XP level 10. HP: 73/78 MP: 11/13
  7288 | D:9      | Reached ** piety under Yredelemnul
  7297 | D:9      | Reached *** piety under Yredelemnul
  7366 | D:9      | Found a staircase to the Lair.
  7369 | D:9      | Noticed an orange demon
  7598 | D:9      | Found a radiant altar of Vehumet.
  7800 | D:10     | Entered Level 10 of the Dungeon
  7829 | D:10     | Noticed a gargoyle
  7837 | D:10     | Killed a gargoyle
  7936 | D:10     | Noticed an orange demon
  7942 | D:10     | Noticed a rust devil
  8001 | D:10     | Noticed Joseph
  8011 | D:10     | Reached skill level 10 in Invocations
  8015 | D:10     | Killed Joseph
  8016 | D:10     | Reached skill level 5 in Axes
  8144 | D:10     | Noticed a two-headed ogre
  8144 | D:10     | Noticed a two-headed ogre
  8148 | D:10     | Reached XP level 11. HP: 84/84 MP: 17/17
  8155 | D:10     | Killed a two-headed ogre
  8160 | D:10     | Killed a two-headed ogre
  8160 | D:10     | Reached **** piety under Yredelemnul
  8160 | D:10     | Reached ***** piety under Yredelemnul
  8199 | D:10     | Noticed a white ugly thing
  8334 | D:10     | Found a burning altar of Makhleb.
  8334 | D:10     | Noticed a balrug
  8421 | D:10     | Noticed a two-headed ogre
  8431 | D:10     | Killed a two-headed ogre
  8506 | D:10     | Killed a white ugly thing
  8554 | D:10     | Reached skill level 10 in Axes
  8567 | D:10     | Your ally Joseph died
  8811 | D:11     | Noticed an orc knight
  8814 | D:11     | Noticed Josephine
  8828 | D:11     | Killed an orc knight
  8855 | D:11     | Killed Josephine
  8938 | D:11     | Found a staircase to the Orcish Mines.
  8938 | D:11     | Found Osyz's Weapon Boutique.
  8984 | D:11     | Noticed a boulder beetle
  8993 | D:11     | Killed a boulder beetle
  9676 | D:12     | Noticed a centaur warrior
  9687 | D:12     | Killed a centaur warrior
  9688 | D:12     | Reached XP level 12. HP: 88/91 MP: 18/18
  9774 | D:12     | Found a blossoming altar of Fedhas.
  9790 | D:12     | Identified the +10 great sword of the Shark {freeze, Fly
                  | rC- Int+2 Dex+3}
 10114 | D:12     | Reached skill level 15 in Axes
 10503 | Lair:1   | Entered Level 1 of the Lair of Beasts
 10574 | Lair:1   | Identified the +3 whip of Resourcefulness {speed, rPois rC-
                  | rCorr Str+6}
 11383 | Lair:2   | Reached skill level 10 in Stealth
 11558 | Lair:2   | Reached XP level 13. HP: 96/96 MP: 19/19
 11595 | Lair:2   | Reached ****** piety under Yredelemnul
 11596 | Lair:2   | Reached skill level 1 in Maces & Flails
 11789 | Lair:2   | Found a staircase to the Snake Pit.
 11891 | Lair:2   | Reached skill level 5 in Maces & Flails
 11907 | Lair:2   | You fall into a shaft and drop 2 floors!
 12399 | Lair:4   | Found a gate leading to a gauntlet.
 12408 | Gauntlet | Entered a Gauntlet
 12408 | Gauntlet | Found a transporter.
 12422 | Gauntlet | Found a transporter.
 12436 | Gauntlet | Found a transporter.
 12474 | Gauntlet | Found a transporter.
 12551 | Gauntlet | Found a transporter.
 12559 | Gauntlet | Found a transporter.
 12588 | Gauntlet | Found a transporter.
 12597 | Gauntlet | Found a transporter.
 12609 | Gauntlet | Found a transporter.
 12621 | Gauntlet | Found a transporter.
 12633 | Gauntlet | Found a transporter.
 12642 | Gauntlet | Noticed a reaper
 12645 | Gauntlet | Found a transporter.
 12663 | Gauntlet | Found a transporter.
 12714 | Gauntlet | Found a transporter.
 12717 | Gauntlet | Found a transporter.
 12730 | Gauntlet | Found a transporter.
 12732 | Gauntlet | Found a transporter.
 12738 | Gauntlet | Found a transporter.
 12803 | Gauntlet | Identified the staff "Renuhuda" {rPois Dex+5 Alchemy}
 12944 | Gauntlet | Identified the +0 plate armour "Syim" {Will+ Regen+ Int-3
                  | Dex+7}
 12944 | Gauntlet | Noticed a minotaur
 12956 | Gauntlet | Killed a minotaur
 12957 | Gauntlet | Reached skill level 5 in Fighting
 14343 | Lair:3   | Found a staircase to the Shoals.
 14730 | Lair:2   | Reached skill level 11 in Armour
 14730 | Lair:2   | Reached XP level 14. HP: 106/110 MP: 20/20
 15228 | Lair:3   | Gained mutation: You occasionally lose the ability to read
                  | scrolls when taking damage. [potion of mutation]
 15228 | Lair:3   | Gained mutation: You have hidden genetic defects. [potion
                  | of mutation]
 15228 | Lair:3   | Gained mutation: You are strong-willed. (Will+) [potion of
                  | mutation]
 15228 | Lair:3   | Gained mutation: Your muscles are strong. (Str +4, Int/Dex
                  | -1) [potion of mutation]
 15229 | Lair:3   | Lost mutation: You are strong-willed. (Will+) [potion of
                  | mutation]
 15229 | Lair:3   | Lost mutation: You have hidden genetic defects. [potion of
                  | mutation]
 15229 | Lair:3   | Lost mutation: Your muscles are strong. (Str +4, Int/Dex
                  | -1) [potion of mutation]
 15229 | Lair:3   | Gained mutation: Your magical capacity is low. (-10% MP)
                  | [potion of mutation]
 15229 | Lair:3   | Gained mutation: Your system is resistant to poisons.
                  | (rPois) [potion of mutation]
 15230 | Lair:3   | Lost mutation: You occasionally lose the ability to read
                  | scrolls when taking damage. [potion of mutation]
 15230 | Lair:3   | Lost mutation: Your magical capacity is low. (-10% MP)
                  | [potion of mutation]
 15230 | Lair:3   | Gained mutation: You have sharp toenails. [potion of
                  | mutation]
 15230 | Lair:3   | Gained mutation: You have supernaturally acute eyesight.
                  | (SInv) [potion of mutation]
 15230 | Lair:3   | Gained mutation: You have a pair of large horns on your
                  | head. [potion of mutation]
 15268 | Lair:5   | Entered Level 5 of the Lair of Beasts
 15350 | Lair:5   | Reached skill level 12 in Armour
 15540 | Lair:5   | Reached skill level 13 in Armour
 15641 | Lair:5   | Noticed Kirke
 15661 | Lair:5   | Killed Kirke
 15662 | Lair:5   | Reached skill level 14 in Armour
 15686 | Lair:5   | Reached skill level 15 in Armour
 15999 | Lair:5   | Reached skill level 16 in Armour
 16375 | Lair:5   | Found a viscous altar of Jiyva.
 16375 | Lair:5   | Found a staircase to the Slime Pits.
 16501 | Lair:5   | Reached skill level 17 in Armour
 16560 | Lair:5   | Reached XP level 15. HP: 105/115 MP: 21/21
 16958 | Snake:1  | Entered Level 1 of the Snake Pit
 17234 | Snake:1  | Reached skill level 18 in Armour
 17259 | Snake:1  | Reached skill level 1 in Staves
 17303 | Snake:1  | Identified the +3 plate armour of Curiosity {rElec rC-
                  | Will- Str+4}
 17351 | Snake:1  | Found Moah Xoa's General Store.
 17353 | Snake:1  | Found Malea's Jewellery Shoppe.
 17355 | Snake:1  | Found Manuplis's Jewellery Emporium.
 17358 | Snake:1  | Noticed Frances
 17371 | Snake:1  | Killed Frances
 17371 | Snake:1  | Charmed Frances
 17391 | Snake:1  | Reached skill level 5 in Staves
 17420 | Snake:1  | Bought the amulet "Ocvi" {Reflect Regen+ SH+5} for 518 gold
                  | pieces
 17422 | Snake:1  | Bought the amulet "Zesedgh" {Reflect rPois rCorr SH+5} for
                  | 468 gold pieces
 17443 | Snake:1  | Bought a scroll of teleportation for 57 gold pieces
 17443 | Snake:1  | Bought a scroll of teleportation for 57 gold pieces
 17443 | Snake:1  | Bought a scroll of identify for 38 gold pieces
 18173 | Snake:2  | Noticed a nagaraja
 18181 | Snake:2  | Killed a nagaraja
 18271 | Snake:2  | Reached skill level 10 in Staves
 18745 | Snake:2  | HP: 4/115 [naga/+0 trident (30)]
 18748 | Snake:2  | Constricted to death by a naga ritualist

Illustrated notes

Levels and vault maps discovered:
D:1:      dpeg_arrival_lava_temple_mockup, layout_basic, minmay_split_cup_large
D:2:      layout_loops_cross, basic_altar
D:3:      layout_rooms
D:4:      layout_basic, lemuel_mausoleum_altar_yredelemnul,
          minmay_temple_entry_glassed_door, portal_sewer_entry_f,
          minmay_between, uniq_pikel
D:5:      layout_loops_ring, tgw_sif, mainiacjoe_overflow_tiny_flanked
D:6:      layout_rooms, uniq_sigmund
D:7:      layout_rooms, nicolae_overflow_crystal_walls,
          mainiacjoe_overflow_alcove_4
D:8:      layout_layer_cave, elyvilon_altar_5, lemuel_round_altar,
          mainiacjoe_overflow_alcove_2, gammafunk_ghost_berserking_beasts,
          nicolae_houndstooth_variations
D:9:      layout_rooms, lemuel_doored_altar, lair_entry_dummy, serial_shops,
          shop
D:10:     cheibrodos_barr_body, layout_stronghold, makhleb_altar_promises_db,
          minmay_sticks_and_stones
D:11:     layout_small_grid, orc_david_3, uniq_josephine
D:12:     layout_gridville, fedhas_altar_1
Temple:   nicolae_temple_hex_pool
Lair:1:   layout_regular_city, serial_bayou_shore_a
Lair:2:   regret_index_wax_grids, layout_small_grid, nicolae_snake_entry_squirm
Lair:3:   layout_long_grid, elwin_shoals_entry_rocks,
          chequers_serial_rivers_micro_e, lemuel_fruit_fields
Lair:4:   layout_cave_pods, serial_bayou, serial_bayou_pond_a,
          serial_bayou_pond_a, serial_bayou_pond_c, serial_bayou_pond_e,
          gauntlet_entry_generic, grunt_megastairs_1
Lair:5:   hangedman_lair_in_review, layout_cave_pods, wormcave,
          dpeg_slime_entry_enclosed, uniq_nessos, uniq_kirke
Snake:1:  layout_basic, nicolae_snake_salamander_zone, minmay_shop_star,
          lemuel_fruit_tree, uniq_frances
Snake:2:  layout_onion_interference

Skill      XL: |  1  2  3  4  5  6  7  8  9 10 11 12 13 14 15 |
---------------+----------------------------------------------+-----
Fighting       | 4 6 |  6.1
Shields        | 4 5 6 |  6.1
Dodging        | 1 3 4 5 6 |  6.6
Throwing       | 1 2 3 4 6 |  6.1
Stealth        | 4 6 10 11 | 11.9
Armour         | 8 10 11 17 18 | 18.0
Evocations     | 3 |  3.0
Invocations    | 5 10 | 10.0
Axes           | 5 13 16 17 | 17.0
Maces & Flails | 6 |  6.0
Staves         | 11 | 11.7

Action                     |  1- 3 |  4- 6 |  7- 9 | 10-12 | 13-15 || total
---------------------------+-------+-------+-------+-------+-------++-------
  Melee: War axe           |    87 |   141 |   223 |   381 |   495 ||  1327
         Headbutt          |     8 |    23 |    47 |    86 |   207 ||   371
         Whip              |       |       |       |       |   318 ||   318
         Kick              |       |       |       |       |   232 ||   232
  Throw: Dart              |       |       |     5 |     2 |     4 ||    11
 Invoke: Recall Undead Har |       |       |     2 |     3 |     2 ||     7
         Dark Bargain      |       |       |       |       |     2 ||     2
         Bind Soul         |       |       |       |       |     3 ||     3
         Drain Life        |       |       |       |       |     1 ||     1
  Evoke: Wand              |       |       |     2 |       |    10 ||    12
         Box of beasts     |       |       |       |       |     2 ||     2
         Phial of floods   |       |       |       |       |     1 ||     1
    Use: Scroll            |     2 |       |    10 |     7 |    16 ||    35
         Potion            |       |       |     4 |       |     5 ||     9
   Stab: Sleeping          |       |       |     4 |     3 |     4 ||    11
         Distracted        |       |       |     2 |    11 |    31 ||    44
         Petrified         |       |       |       |       |     3 ||     3
         Invisible         |       |       |       |       |     1 ||     1
 Armour: Scale mail        |    68 |   153 |   170 |   189 |    57 ||   637
         Plate armour      |       |       |       |       |   255 ||   255
  Dodge: Dodged            |    53 |   106 |   174 |   363 |   466 ||  1162
  Block: Buckler           |    14 |    53 |   107 |   167 |   266 ||   607
